 Dungeon Crawl Stone Soup version 0.25-a0-942-g87a53962fc (webtiles) character file.

Game seed: 4480038597057553984, levelgen mode: deterministic

1004 Maedhros the Martial Artist (level 8, -1/48 HPs)
             Began as an Octopode Artificer on May 6, 2020.
             Was a Priest of Cheibriados.
             Killed from afar by an orc wizard (11 damage)
             ... with a magic dart
             ... on level 6 of the Dungeon.
             The game lasted 00:15:39 (2480 turns).

Maedhros the Martial Artist (Octopode Artificer)    Turns: 2480, Time: 00:15:40

Health: -1/48      AC:  1    Str: 19    XL:     8   Next: 20%
Magic:  10/10      EV: 14    Int: 22    God:    Cheibriados [***...]
Gold:   58         SH:  0    Dex: 22    Spells: 7/7 levels left

rFire    . . .     SeeInvis .     - Unarmed
rCold    . . .     Gourm    .   (no shield)
rNeg     . . .     Faith    .   (helmet restricted)
rPois    .         Spirit   .   v - amulet of the acrobat
rElec    .         Reflect  .   g - ring of wizardry
rCorr    +         Harm     .   z - ring of resist corrosion
MR       .....                  (no ring)
Stlth    ++........             (no ring)
HPRegen  0.16/turn              (no ring)
MPRegen  0.12/turn              (no ring)
                                (no ring)
                                (no ring)

@: confused, very slow
A: almost no armour, stealthy swim, amphibious, 8 rings, constrict 8, camouflage
1, gelatinous body 1
a: Bend Time, Temporal Distortion, Renounce Religion


You were on level 6 of the Dungeon.
You worshipped Cheibriados.
Cheibriados was most pleased with you.
You were hungry.

You visited 1 branch of the dungeon, and saw 6 of its levels.

You collected 248 gold pieces.
You spent 190 gold pieces at shops.

Inventory:

Hand Weapons
 a - a +0 short sword
 e - a +2 short sword of holy wrath
 h - a +0 hunting sling
Missiles
 i - 30 poisoned darts (quivered)
 r - 34 stones
Jewellery
 g - a ring of wizardry (left tentacle)
 v - an amulet of the acrobat (around mantle)
 z - a ring of resist corrosion (right tentacle)
Wands
 b - a wand of flame (17)
 d - a wand of random effects (15)
 y - a wand of iceblast (6)
Scrolls
 m - a scroll of immolation
 n - a scroll of teleportation
 q - a scroll of amnesia {unknown}
 s - 2 scrolls of fog {unknown}
 t - a scroll of magic mapping {unknown}
 u - 4 scrolls of remove curse
 x - a scroll of enchant armour
Potions
 c - a potion of degeneration
 j - a potion of resistance {unknown}
 l - a potion of invisibility
 o - 2 potions of flight
 w - a potion of might {unknown}
Comestibles
 f - 8 rations
 p - a chunk of flesh


   Skills:
 - Level 1.0 Fighting
 - Level 1.0 Short Blades
 - Level 2.0 Dodging
 - Level 4.0 Stealth
 + Level 8.8 Unarmed Combat
 - Level 3.2 Evocations


You had 7 spell levels left.
You didn't know any spells.
Your spell library was empty.

Dungeon Overview and Level Annotations

Branches:
Dungeon (6/15)             Temple (0/1) D:4

Altars:
Cheibriados
Dithmenos
Kikubaaqudgha
Sif Muna
Zin
The Shining One

Shops:
D:5 *=}[


Innate Abilities, Weirdness & Mutations

You cannot wear most types of armour.
You are very stealthy in the water. (Stealth+)
You are amphibious.
You can wear up to eight rings at the same time.
You can use your tentacles to constrict eight enemies at once.
Your skin changes colour to match your surroundings (Stealth+).
Your rubbery body absorbs attacks. (AC +1, EV +1)


Message History

A magic dart appears from out of thin air!
The magic dart hits you!
You miss something. Something hits you.
You bludgeon something! Something hits you.
You tentacle-slap something. Something hits you.
* * * LOW HITPOINT WARNING * * *
Something barely misses you.
You miss something. Your squeeze misses something.
You hear some strange, mumbled words.
A magic dart appears from out of thin air!
The magic dart hits you!
* * * LOW HITPOINT WARNING * * *
Evoke which item? (* to show all) (? for menu, Esc to quit)
Okay, then.
You are confused.
You feel invigorated.
You hear some strange, mumbled words.
A magic dart appears from out of thin air!
The magic dart hits you!
You die...

####### #.....# #.....#
#.....# #.....# #.....#
####.....#
..###############........#
o........{@........#.....#
.)#########.#####..<.....#
#.# #.#.###### #.# ..>....
#.# #.#.#.### ..# #.#....
..# # ###.#. ... #.#.#
#... #.# #


There were no monsters in sight!

Vanquished Creatures
  2 ogres
  A sky beast (D:5)
  A centaur (D:5)
  2 scorpions (D:4)
  A crimson imp (D:6)
  A jelly (D:5)
  A hound (D:6)
  2 iguanas (D:4)
  3 orc wizards
  2 worker ants
  4 adders
  2 gnolls (D:3)
  A white imp (D:4)
  An ooze (D:2)
  3 dart slugs (D:2)
  17 orcs
  A ball python (D:3)
  8 giant cockroaches
  3 goblins (D:2)
  6 hobgoblins (D:2)
  14 jackals
  3 kobolds (D:2)
  A quokka (D:4)
  3 bats
  5 frilled lizards
  2 hobgoblin zombies (D:4)
  2 kobold skeletons (D:4)
  A kobold zombie (D:4)
  2 orc skeletons (D:4)
  An orc zombie (D:4)
  6 rats
102 creatures vanquished.

Vanquished Creatures (collateral kills)
  2 phantoms (D:5)
  A scorpion (D:5)
  4 gnolls
  An adder (D:5)
  An orc (D:4)
9 creatures vanquished.

Vanquished Creatures (others)
  An adder (D:3)
1 creature vanquished.

Grand Total: 112 creatures vanquished

Notes
Turn   | Place    | Note
-------+----------+-------------------------------------------
     0 | D:1      | Maedhros the Octopode Artificer began the quest for the
                  | Orb.
     0 | D:1      | Reached XP level 1. HP: 13/13 MP: 3/3
   183 | D:3      | Reached XP level 2. HP: 11/18 MP: 4/4
   219 | D:4      | Found a snail-covered altar of Cheibriados.
   220 | D:4      | Ok, we are starting early.
   220 | D:4      | Chei on 219.9 auts
   222 | D:4      | Became a worshipper of Cheibriados the Contemplative
   308 | D:2      | Reached XP level 3. HP: 15/23 MP: 5/5
   423 | D:2      | Reached skill level 1 in Unarmed Combat
   465 | D:2      | You fall into a shaft and drop 1 floor!
   515 | D:3      | Found a glowing silver altar of Zin.
   518 | D:3      | Found an ancient bone altar of Kikubaaqudgha.
   645 | D:1      | Found a shadowy altar of Dithmenos.
   730 | D:1      | Reached * piety under Cheibriados
   826 | D:2      | Reached skill level 2 in Unarmed Combat
   879 | D:2      | Reached XP level 4. HP: 13/28 MP: 6/6
  1202 | D:3      | Found a shimmering blue altar of Sif Muna.
  1233 | D:4      | Found a staircase to the Ecumenical Temple.
  1276 | D:4      | Reached skill level 3 in Unarmed Combat
  1371 | D:4      | Reached XP level 5. HP: 28/33 MP: 7/7
  1373 | D:4      | Reached ** piety under Cheibriados
  1489 | D:4      | Found a glowing golden altar of the Shining One.
  1597 | D:3      | Reached skill level 4 in Unarmed Combat
  1679 | D:5      | Entered Level 5 of the Dungeon
  1679 | D:5      | Found Cuirphohu's Jewellery Shop.
  1689 | D:5      | Reached XP level 6. HP: 35/38 MP: 8/8
  1704 | D:5      | Found Zil Mule's Assorted Antiques.
  1707 | D:5      | Bought a wand of flame (15) for 19 gold pieces
  1707 | D:5      | Bought a fluorescent wand for 76 gold pieces
  1707 | D:5      | Bought a brass ring for 95 gold pieces
  1718 | D:5      | Found Fydd's Gadget Emporium.
  1733 | D:5      | Reached skill level 5 in Unarmed Combat
  1734 | D:5      | Noticed a phantom
  1736 | D:5      | Killed a phantom
  1751 | D:5      | Reached skill level 6 in Unarmed Combat
  1751 | D:5      | Noticed a phantom
  1756 | D:5      | Noticed a sky beast
  1777 | D:5      | Killed a phantom
  1777 | D:5      | Reached XP level 7. HP: 23/43 MP: 9/9
  1782 | D:5      | Killed an ogre
  1905 | D:4      | Reached *** piety under Cheibriados
  2111 | D:5      | Reached skill level 7 in Unarmed Combat
  2165 | D:4      | Reached skill level 8 in Unarmed Combat
  2221 | D:4      | Reached XP level 8. HP: 14/48 MP: 10/10
  2386 | D:5      | Found Feihent's Antique Armour Shoppe.
  2480 | D:6      | Killed from afar by an orc wizard

Levels and vault maps discovered:
D:1:      dpeg_arrival_tiny_c, layout_basic, kennysheep_nondescript,
          roderic_cross_of_infinity, kennysheep_flooded_box
D:2:      minmay_thinvault, layout_basic, minmay_misc_feat_columns, hex_medium
D:3:      layout_rooms, tgw_sif, lemuel_round_altar, lemuel_round_altar,
          uniq_crazy_yiuf_cottage
D:4:      layout_loops_cross, kennysheep_mini_moat,
          minmay_temple_entry_sparse_star, first_ration, minmay_misc_feat_x,
          nicolae_tso_besieged_by_evil
D:5:      layout_loops_ring, serial_shops, shop, nicolae_shop_crystal,
          kennysheep_mini, shop, shop_statue
D:6:      cheibrodos_fzero, layout_basic, nicolae_overflow_hidden_temple,
          minmay_overflow_temple_star_quad, amethyst_killhole, uniq_eustachio

Skill      XL: |  1  2  3  4  5  6  7 |
---------------+----------------------+-----
Stealth        | 3 4 |  4.0
Unarmed Combat | 2 3 4 6 8 |  8.8
Fighting       | |  1.0
Short Blades   | |  1.0
Dodging        | |  2.0
Evocations     | |  3.2

Action                   |  1- 3 |  4- 6 |  7- 9 || total
-------------------------+-------+-------+-------++-------
Melee: Short sword       |    93 |    62 |       ||   155
       Constrict         |    24 |    22 |    13 ||    59
       Tentacles         |    19 |    23 |    14 ||    56
       Punch             |       |     3 |     2 ||     5
       Unarmed           |       |    28 |    48 ||    76
Throw: Dart              |       |     1 |    16 ||    17
Evoke: Wand              |     1 |    22 |     9 ||    32
  Use: Potion            |     2 |     4 |     2 ||     8
       Scroll            |       |     5 |     6 ||    11
 Stab: Sleeping          |     2 |     6 |     1 ||     9
       Distracted        |       |       |     1 ||     1
  Eat: Chunk             |       |     1 |     1 ||     2
Armor: Skin              |     6 |    18 |     1 ||    25
Dodge: Dodged            |    53 |    58 |    28 ||   139

Table legend:
 A = Non-vault XP
 B = Vault XP
 C = Vault XP percentage of total XP
 D = Non-vault monster count
 E = Vault monster count
 F = Vault count percentage of total count
                 A         B        C        D         E       F
            +---------+---------+-------+---------+---------+-------
      Total |    1387 |      48 |   3.3 |      85 |      26 |  23.4
            +---------+---------+-------+---------+---------+-------
        D:1 |      11 |       0 |   0.0 |       6 |       0 |   0.0
        D:2 |      31 |      30 |  49.2 |      13 |      17 |  56.7
        D:3 |      91 |       0 |   0.0 |      18 |       0 |   0.0
        D:4 |     508 |      18 |   3.4 |      32 |       9 |  22.0
        D:5 |     613 |       0 |   0.0 |      12 |       0 |   0.0
        D:6 |     133 |       0 |   0.0 |       4 |       0 |   0.0
            +---------+---------+-------+---------+---------+-------
